 Dungeon Crawl Stone Soup version 0.27.1-4-g1640c2035a (webtiles) character file.

Game seed: 17685316015361723179

1 zeram the Sneak (level 1, -2/9 HPs)
             Began as a Spriggan Enchanter on Nov 16, 2021.
             Slain by a jackal (3 damage)
             ... on level 1 of the Dungeon.
             The game lasted 00:00:26 (74 turns).

zeram the Sneak (Spriggan Enchanter)                  Turns: 74, Time: 00:00:27

Health: -2/9       AC:  2    Str:  4    XL:     1   Next: 16%
Magic:  5/5        EV: 17    Int: 16    God:
Gold:   0          SH:  0    Dex: 15    Spells: 4/5 levels left

rFire    . . .     SeeInvis +   a - +1 dagger
rCold    . . .     Faith    .   (shield restricted)
rNeg     . . .     Spirit   .   b - +0 robe
rPois    .         Reflect  .   (helmet restricted)
rElec    .         Harm     .   (no cloak)
rCorr    .         Rampage  .   (gloves unavailable)
Will     .....                  (boots unavailable)
Stlth    +++.......             (no amulet)
HPRegen  0.03/turn              (no ring)
MPRegen  0.09/turn              (no ring)

@: very quick
A: very small, no large weapons, unfitting armour, see invisible, speed 3
a: no special abilities


You were on level 1 of the Dungeon.
You visited 1 branch of the dungeon, and saw 1 of its levels.

Inventory:

Hand Weapons
 a - a +1 dagger (weapon)
Armour
 b - a +0 robe (worn)


   Skills:
 + Level 1.1 Short Blades
 + Level 2.6 Dodging
 + Level 4.4 Stealth
 + Level 2.6 Spellcasting
 + Level 3.7 Hexes


You had 4 spell levels left.
You knew the following spells:

 Your Spells              Type           Power      Damage    Failure   Level
a - Corona                Hex            15%        N/A       4%          1

Your spell library contained the following spells:

 Spells                   Type           Power      Damage    Failure   Level
 Confusing Touch          Hex            14%        N/A       12%         3
 Tukima's Dance           Hex            14%        N/A       12%         3
 Ensorcelled Hibernation  Hex/Ice        16%        N/A       14%         2
 Dazzling Flash           Conj/Hex       16%        N/A       26%         3


Dungeon Overview and Level Annotations

Branches:
Dungeon (1/15)

Altars:


Innate Abilities, Weirdness & Mutations

You are very small and have problems with some larger weapons.
You are too small for most types of armour.
You have supernaturally acute eyesight. (SInv)
You cover ground extremely quickly. (Speed+++)


Message History

The jackal closely misses you. The jackal misses you.
The jackal closely misses you.
You hit the jackal.
The jackal is almost dead.
The jackal completely misses you. x2
You completely miss the jackal.
The jackal is almost dead.
The jackal bites you but does no damage. x2
The jackal misses you.
You hit the jackal.
You kill the jackal!
The jackal closely misses you. The jackal barely misses you.
The jackal completely misses you.
You closely miss the jackal. The jackal bites you.
* * * LOW HITPOINT WARNING * * *
The jackal closely misses you.
You hit the jackal.
The jackal is moderately wounded.
The jackal completely misses you. The jackal closely misses you.
You completely miss the jackal.
The jackal is moderately wounded.
The jackal misses you. The jackal closely misses you. The jackal bites you.
* * * LOW HITPOINT WARNING * * *
You hit the jackal.
The jackal is severely wounded.
You hear a bark!
The jackal completely misses you. The jackal closely misses you.
The jackal misses you.
You hit the jackal.
The jackal is almost dead.
The jackal misses you. The jackal completely misses you.
You barely miss the jackal.
The jackal is almost dead.
You hear a bark!
The jackal closely misses you. The jackal completely misses you.
The jackal barely misses you.
You hit the jackal but do no damage.
The jackal is almost dead.
The jackal bites you.
You die...

. .############## #####
.........>....####8.8##
##.##.##.#h....#......#
#...##.#.##.##......#
#...##.#.##.##...8..##
#..K##.#.....#......8#
#.#..##.#....Khh.....<#
..##...........#@.....8#
.........##....#...8..##
..###.....#....#......#
. #.........##......#
##.h..#.######8.8##
.#.##.# ##### .....


You could see 2 jackals and a kobold.

Vanquished Creatures
  A jackal (D:1)
1 creature vanquished.

Notes
Turn   | Place    | Note
-------+----------+-------------------------------------------
     0 | D:1      | zeram the Spriggan Enchanter began the quest for the Orb.
     0 | D:1      | Reached XP level 1. HP: 9/9 MP: 5/5
    74 | D:1      | Slain by a jackal

Illustrated notes

Levels and vault maps discovered:
D:1:      mrwooster_arrival_statue_3, layout_loops_ring,
          hellmonk_ecumenical_altar_inner_sanctum

Action                   || total
-------------------------++-------
Melee: Dagger            ||    31
Armor: Robe              ||     2
Dodge: Dodged            ||    45
